Demolitions vs Griffins

Created - January 7, 2020 at 19:33

Goals
1 2 3 T
Demolitions 0 1 1 2
Griffins 0 5 1 6
Shots
1 2 3 T
Demolitions 7 11 7 25
Griffins 8 16 13 37

1st period

No Goal

Penalties :
Spencer Machacek (Vic) for Holding (Minor) at 5:02

2nd period

1. Griffins , Sonny Milano 5 (Nathan Gerbe 14, Brandon Pirri 8) at 1:18
2. Demolitions , Spencer Machacek 16 (Daultan Leveillé 21, Brandon Saad 16) at 3:28 (PP)
3. Griffins , Dylan Larkin 13 (Tye McGinn 20, Marko Dano 31) at 6:33
4. Griffins , Tye McGinn 26 (Simon Despres 15, Petter Granberg 6) at 10:08
5. Griffins , Tye McGinn 27 (Marko Dano 32, Gord Baldwin 5) at 11:26 (PP)
6. Griffins , Dylan Larkin 14 (Marcus Pettersson 6, Ben Hanowski 12) at 14:10 (PP)

Penalties :
Sonny Milano (Cap) for Tripping (Minor) at 2:47, Tye McGinn (Cap) for Tripping (Minor) at 4:22, Spencer Machacek (Vic) for Elbowing (Minor) at 7:45, Jonathan Blum (Vic) for Slashing (Minor) at 10:35, Brandon Saad (Vic) for Hooking (Minor) at 13:03, Jonathan Blum (Vic) for Hooking (Minor) at 16:14

3rd period

7. Griffins , Marko Dano 15 (Tye McGinn 21) at 3:29
8. Demolitions , Brandon Saad 14 (Daultan Leveillé 22, Spencer Machacek 24) at 13:49 (PP)

Penalties :
Anton Slepyshev (Cap) for Hooking (Minor) at 13:33

Goalie Stats

Alex Stalock (Vic), 14 saves from 15 shots - (0.933), 25:50 minutes
Brandon Halverson (Vic), 17 saves from 22 shots - (0.773), L, 6-7-2, 34:10 minutes
Olivier Roy (Cap), 23 saves from 25 shots - (0.920), W, 13-3-0, 60:00 minutes

Players Stats for Demolitions

Player Name              G  A  P  +/- PIM S  H  SB GA TA FO     MP     PP MP  PK MP  
------------------------------------------------------------------------------------
Alex Hutchings           0  0  0   0  0   0  0  0  0  0  0/0     1:20   0:00   1:20 
Andrej Nestrasil         0  0  0  -1  0   1  2  0  2  0  3/9    13:47   0:00   0:00 
Brandon Saad             1  1  2  -3  2   4  1  1  0  1  0/2    22:25   1:59   1:45 
Christoph Bertschy       0  0  0   0  0   0  0  0  1  0  0/3    11:50   0:57   1:51 
Daultan Leveillé         0  2  2  -3  0   2  1  0  0  1  15/37  24:41   1:59   4:31 
Dennis Everberg          0  0  0  -1  0   0  3  0  1  2  0/0    14:44   0:57   0:00 
J.T. Brown               0  0  0   0  0   0  4  1  0  0  0/1    11:41   0:00   2:04 
Jake Muzzin              0  0  0  -1  0   2  0  2  0  0  0/0    21:37   0:00   5:08 
Jonathan Blum            0  0  0  -3  4   0  0  3  0  0  0/0    28:46   2:15   3:05 
Joshua Leivo             0  0  0   0  0   2  0  0  1  0  0/0     7:34   0:00   0:00 
Kerby Rychel             0  0  0   0  0   0  0  0  0  0  0/0     0:00   0:00   0:00 
Lane MacDermid           0  0  0  -1  0   3  2  0  1  0  0/0    13:47   0:00   0:00 
Max Friberg              0  0  0   0  0   2  0  1  0  0  0/0     7:34   0:00   0:00 
Michael Prapavessis      0  0  0   0  0   0  0  0  0  0  0/0     0:41   0:00   0:00 
Mitch Callahan           0  0  0   0  0   0  0  0  0  0  0/0     0:00   0:00   0:00 
Nick Pryor               0  0  0   0  0   0  0  0  0  0  0/0     0:00   0:00   0:00 
Nikita Tryamkin          0  0  0  -1  0   0  1  3  0  0  0/0    20:47   0:52   2:47 
Phil Di Giuseppe         0  0  0   0  0   1  0  0  0  0  3/4     1:58   0:00   1:54 
Phil McRae               0  0  0   0  0   2  1  0  0  0  2/2     7:34   0:00   0:00 
Robert Bortuzzo          0  0  0   0  0   2  2  0  0  1  0/0    12:29   0:00   3:58 
Ryan Pulock              0  0  0  -3  0   0  0  3  1  0  0/0    22:58   2:04   0:00 
Spencer Machacek         1  1  2  -3  4   4  0  0  2  0  4/6    22:38   1:59   2:25 
Taylor Aronson           0  0  0   0  0   0  0  0  0  0  0/0     8:22   0:00   0:00 
Taylor Beck              0  0  0   0  0   0  1  1  0  0  0/0     9:59   0:57   0:00 
Tommy Vannelli           0  0  0   0  0   0  0  0  0  0  0/0     4:48   0:41   0:52 

Players Stats for Griffins

Player Name              G  A  P  +/- PIM S  H  SB GA TA FO     MP     PP MP  PK MP  
------------------------------------------------------------------------------------
Anton Slepyshev          0  0  0   0  2   1  1  0  0  0  0/0    16:24   3:42   0:37 
Ben Hanowski             0  1  1   0  0   0  5  0  0  1  0/1    16:07   3:42   0:00 
Brandon Pirri            0  1  1   1  0   3  3  0  0  0  1/1    13:13   0:12   0:59 
Brendan Woods            0  0  0   0  0   2  0  2  0  0  0/0    12:16   0:00   2:07 
Dylan Larkin             2  0  2   2  0   4  2  0  1  1  3/11   22:39   3:42   0:00 
Gord Baldwin             0  1  1   1  0   2  0  4  0  2  0/0    22:03   4:58   2:06 
Haydn Fleury             0  0  0   0  0   0  2  0  0  2  0/0    10:42   0:00   0:50 
Marcus Pettersson        0  1  1   1  0   2  1  1  0  3  0/0    24:19   4:38   0:00 
Marko Dano               1  2  3   3  0   4  1  0  2  0  24/37  20:22   4:13   0:00 
Mirco Mueller            0  0  0   1  0   0  0  0  0  0  0/0     4:00   0:00   0:00 
Nathan Gerbe             0  1  1   2  0   4  1  0  0  0  4/6    15:38   3:04   1:00 
Nicholas Baptiste        0  0  0   0  0   1  0  1  0  0  0/0    10:09   0:00   0:00 
Pavel Buchnevich         0  0  0   0  0   0  1  1  0  0  0/0     5:27   0:57   0:00 
Petter Granberg          0  1  1   2  0   2  1  3  0  0  0/0    18:33   2:57   0:00 
Phil Oreskovic           0  0  0   1  0   1  1  0  0  0  0/0    16:18   0:20   2:06 
Rourke Chartier          0  0  0   0  0   3  1  0  0  0  3/3    10:09   0:00   0:00 
Simon Despres            0  1  1   2  0   0  2  2  0  0  0/0    24:05   2:57   0:50 
Sonny Milano             1  0  1   1  2   2  0  0  0  0  0/0    13:19   0:00   0:12 
Tye McGinn               2  2  4   3  2   6  5  0  2  0  2/5    21:18   4:13   0:57 

3 Stars

1 - Tye McGinn (Cap)
2 - Marko Dano (Cap)
3 - Dylan Larkin (Cap)

Power Play

Demolitions - 2 on 3 Attempt(s) - 66.67%
Griffins - 2 on 5 Attempt(s) - 40.00%

Penalty Kill

Demolitions - 3 on 5 Attempt(s) - 60.00% - Score 0 goal in Penalty Kill
Griffins - 1 on 3 Attempt(s) - 33.33% - Score 0 goal in Penalty Kill

Team Stat

Demolitions - Hits : 18 - Faceoff Wins : 27 - Blocked Shots : 15 - Penalty Minutes : 10
Griffins - Hits : 27 - Faceoff Wins : 37 - Blocked Shots : 14 - Penalty Minutes : 6

Official

Referees : Unknown
Linesman : Unknown

Game Notes

Pavel Buchnevich is injured at 18:06 of 1st period (Left Hip)
Alex Stalock enters game at 14:10 of 2nd period

Finance

Level 1 -- Attendance: 1588 (79.40%) -- Ticket Income $55,580
Level 2 -- Attendance: 718 (71.80%) -- Ticket Income $14,360
Total Attendance: 2306 (76.87%)
Total Ticket Income: $69,940
Other Income: $3,497
Total Income: $73,437

Demolitions

5 vs 5 Forward 
   Center                   Left Wing                Right Wing               Time % Phy DF OF 
 1 Daultan Leveillé         Brandon Saad             Spencer Machacek         51     0   0  5  
 2 Andrej Nestrasil         Lane MacDermid           Dennis Everberg          34     0   0  5  
 3 Christoph Bertschy       Taylor Beck              J.T. Brown               10     1   2  2  
 4 Phil McRae               Joshua Leivo             Max Friberg              5      1   2  2  

5 vs 5 Defense 
   Defense                  Defense                                           Time % Phy DF OF 
 1 Jonathan Blum            Ryan Pulock                                       50     0   0  5  
 2 Nikita Tryamkin          Jake Muzzin                                       35     0   2  3  
 3 Robert Bortuzzo          Taylor Aronson                                    10     1   2  2  
 4 Tommy Vannelli           Jonathan Blum                                     5      1   2  2  

PowerPlay Forward 
   Center                   Left Wing                Right Wing               Time % Phy DF OF 
 1 Daultan Leveillé         Brandon Saad             Spencer Machacek         70     0   0  5  
 2 Christoph Bertschy       Taylor Beck              Dennis Everberg          30     0   0  5  

PowerPlay Defense
   Defense                  Defense                                           Time % Phy DF OF 
 1 Jonathan Blum            Ryan Pulock                                       70     0   0  5  
 2 Nikita Tryamkin          Jonathan Blum                                     30     0   0  5  

Penalty Kill 4 Players Forward 
   Center                   Wing                     Time % Phy DF OF 
 1 Spencer Machacek         Daultan Leveillé         60     1   2  2  
 2 J.T. Brown               Brandon Saad             40     1   2  2  

Penalty Kill 4 Players Defense
   Defense                  Defense                  Time % Phy DF OF 
 1 Jonathan Blum            Jake Muzzin              60     1   2  2  
 2 Nikita Tryamkin          Robert Bortuzzo          40     1   2  2  

Penalty Kill - 3 Players Forward 
   Forward                                           Time % Phy DF OF 
 1 Spencer Machacek                                  60     1   2  2  
 2 Daultan Leveillé                                  40     1   2  2  

Penalty Kill - 3 Players Defense
   Defense                  Defense                  Time % Phy DF OF 
 1 Jonathan Blum            Jake Muzzin              60     1   2  2  
 2 Nikita Tryamkin          Robert Bortuzzo          40     1   2  2  

4 vs 4 Forward 
   Center                   Wing                     Time % Phy DF OF 
 1 Spencer Machacek         Daultan Leveillé         60     1   2  2  
 2 J.T. Brown               Brandon Saad             40     1   2  2  

4 vs 4 Defense
   Defense                  Defense                  Time % Phy DF OF 
 1 Jonathan Blum            Jake Muzzin              60     1   2  2  
 2 Nikita Tryamkin          Robert Bortuzzo          40     1   2  2  

Last Minutes Offensive
   Center                   Left Wing                Right Wing               Defense                  Defense                  
   Daultan Leveillé         Brandon Saad             Spencer Machacek         Jonathan Blum            Jake Muzzin              

Last Minutes Defensive
   Center                   Left Wing                Right Wing               Defense                  Defense                  
   Daultan Leveillé         Brandon Saad             Spencer Machacek         Jonathan Blum            Jake Muzzin              

Goaltenders
Starting : Brandon Halverson        
Backup : Alex Stalock             

Extra Forwards
Normal : Christoph Bertschy, J.T. Brown, Phil Di Giuseppe - PP : Brandon Saad, Dennis Everberg - PK : Phil Di Giuseppe
Extra Defensemen
Normal : Nikita Tryamkin, Taylor Aronson, Michael Prapavessis - PP : Ryan Pulock - PK : Robert Bortuzzo, Tommy Vannelli
Penalty Shots
Spencer Machacek, Daultan Leveillé, J.T. Brown, Brandon Saad, Dennis Everberg

Scratches
Thomas DiPauli (Healthy), Colton Sceviour (Healthy), Aaron Palushaj (Healthy), Jared Staal (Healthy), Jaedon Descheneau (Healthy)
Antti Raanta (Healthy), Jake Paterson (Healthy), Francois Tremblay (Healthy)

Griffins

5 vs 5 Forward 
   Center                   Left Wing                Right Wing               Time % Phy DF OF 
 1 Marko Dano               Tye McGinn               Pavel Buchnevich         40     0   2  3  
 2 Dylan Larkin             Anton Slepyshev          Ben Hanowski             30     0   2  3  
 3 Nathan Gerbe             Sonny Milano             Brandon Pirri            20     0   2  3  
 4 Rourke Chartier          Brendan Woods            Nicholas Baptiste        10     0   2  3  

5 vs 5 Defense 
   Defense                  Defense                                           Time % Phy DF OF 
 1 Simon Despres            Marcus Pettersson                                 40     0   3  2  
 2 Gord Baldwin             Petter Granberg                                   30     0   3  2  
 3 Haydn Fleury             Phil Oreskovic                                    20     0   3  2  
 4 Mirco Mueller            Phil Oreskovic                                    10     0   3  2  

PowerPlay Forward 
   Center                   Left Wing                Right Wing               Time % Phy DF OF 
 1 Marko Dano               Tye McGinn               Pavel Buchnevich         60     0   1  4  
 2 Dylan Larkin             Anton Slepyshev          Ben Hanowski             40     0   1  4  

PowerPlay Defense
   Defense                  Defense                                           Time % Phy DF OF 
 1 Gord Baldwin             Marcus Pettersson                                 60     0   2  3  
 2 Simon Despres            Petter Granberg                                   40     0   2  3  

Penalty Kill 4 Players Forward 
   Center                   Wing                     Time % Phy DF OF 
 1 Tye McGinn               Brendan Woods            60     0   4  1  
 2 Marko Dano               Ben Hanowski             40     0   4  1  

Penalty Kill 4 Players Defense
   Defense                  Defense                  Time % Phy DF OF 
 1 Gord Baldwin             Phil Oreskovic           60     1   2  2  
 2 Simon Despres            Haydn Fleury             40     1   2  2  

Penalty Kill - 3 Players Forward 
   Forward                                           Time % Phy DF OF 
 1 Brendan Woods                                     60     0   4  1  
 2 Ben Hanowski                                      40     0   4  1  

Penalty Kill - 3 Players Defense
   Defense                  Defense                  Time % Phy DF OF 
 1 Gord Baldwin             Phil Oreskovic           60     1   2  2  
 2 Simon Despres            Haydn Fleury             40     1   2  2  

4 vs 4 Forward 
   Center                   Wing                     Time % Phy DF OF 
 1 Marko Dano               Tye McGinn               60     0   2  3  
 2 Dylan Larkin             Pavel Buchnevich         40     0   2  3  

4 vs 4 Defense
   Defense                  Defense                  Time % Phy DF OF 
 1 Gord Baldwin             Petter Granberg          60     0   3  2  
 2 Simon Despres            Marcus Pettersson        40     0   3  2  

Last Minutes Offensive
   Center                   Left Wing                Right Wing               Defense                  Defense                  
   Marko Dano               Tye McGinn               Pavel Buchnevich         Simon Despres            Marcus Pettersson        

Last Minutes Defensive
   Center                   Left Wing                Right Wing               Defense                  Defense                  
   Marko Dano               Brendan Woods            Ben Hanowski             Haydn Fleury             Phil Oreskovic           

Goaltenders
Starting : Olivier Roy              
Backup : Jean-Francois Berube     

Extra Forwards
Normal : Marko Dano, Dylan Larkin, Sonny Milano - PP : Nathan Gerbe, Brandon Pirri - PK : Brandon Pirri
Extra Defensemen
Normal : Marcus Pettersson, Gord Baldwin, Haydn Fleury - PP : Phil Oreskovic - PK : Mirco Mueller, Petter Granberg
Penalty Shots
Dylan Larkin, Nathan Gerbe, Rourke Chartier, Sonny Milano, Marko Dano

Scratches
Vladislav Namestnikov (Healthy), Garrett Wilson (Healthy), Tanner Kero (Healthy), Greg McKegg (Healthy), Konrad Abeltshauser (Healthy)
Tomas Hyka (Healthy), Ian McCoshen (Healthy), Danny Kristo (Healthy), Ryan Mantha (Healthy), Jack Ramsey (Healthy)
Marcus Hogberg (Healthy), Hayden Hawkey (Healthy)

% Time on Ice - Demolitions

Lines # - Real PCT - Wanted PCT - Time Play
Normal Forward
1 - 37% - 51% - 18:11
2 - 29% - 34% - 14:22
3 - 18% - 10% - 9:02
4 - 15% - 5% - 7:34
Normal Defense
1 - 43% - 50% - 20:58
2 - 35% - 35% - 17:08
3 - 16% - 10% - 7:56
4 - 6% - 5% - 3:07
PP Forward
1 - 68% - 70% - 1:59
2 - 32% - 30% - 0:57
PP Defense
1 - 70% - 70% - 2:04
2 - 30% - 30% - 0:52
PK Forward
1 - 74% - 60% - 5:51
2 - 26% - 40% - 2:04
PK Defense
1 - 65% - 60% - 5:08
2 - 35% - 40% - 2:47
PK3 Forward
1 - 0% - 60%
2 - 0% - 40%
PK3 Defense
1 - 0% - 60%
2 - 0% - 40%
44 Forward
1 - 0% - 60%
2 - 0% - 40%
44 Defense
1 - 0% - 60%
2 - 0% - 40%
Last Minute Offensive  - 0:00
Last Minute Defensive  - 0:00
Total
Forward - 60:00
Defense - 60:00

% Time on Ice - Griffins

Lines # - Real PCT - Wanted PCT - Time Play
Normal Forward
1 - 33% - 40% - 16:09
2 - 25% - 30% - 12:06
3 - 22% - 20% - 10:45
4 - 21% - 10% - 10:09
Normal Defense
1 - 40% - 40% - 19:41
2 - 32% - 30% - 15:36
3 - 20% - 20% - 9:52
4 - 8% - 10% - 4:00
PP Forward
1 - 53% - 60% - 4:13
2 - 47% - 40% - 3:42
PP Defense
1 - 63% - 60% - 4:58
2 - 37% - 40% - 2:57
PK Forward
1 - 100% - 60% - 2:56
2 - 0% - 40% - 0:00
PK Defense
1 - 72% - 60% - 2:06
2 - 28% - 40% - 0:50
PK3 Forward
1 - 0% - 60%
2 - 0% - 40%
PK3 Defense
1 - 0% - 60%
2 - 0% - 40%
44 Forward
1 - 0% - 60%
2 - 0% - 40%
44 Defense
1 - 0% - 60%
2 - 0% - 40%
Last Minute Offensive  - 0:00
Last Minute Defensive  - 0:00
Total
Forward - 60:00
Defense - 60:00

Play-by-Play

1st period


0:01 of 1st period - Daultan Leveillé wins face-off versus Marko Dano in neutral zone.
0:25 of 1st period - Dennis Everberg is hit by Ben Hanowski and loses puck.
0:34 of 1st period - Snap shot by Ben Hanowski.
0:34 of 1st period - Shot Misses the Net.
0:50 of 1st period - Brandon Pirri is hit by J.T. Brown and loses puck.
0:59 of 1st period - Gord Baldwin is hit by J.T. Brown and loses puck.
1:52 of 1st period - Taylor Aronson is hit by Haydn Fleury and loses puck.
2:25 of 1st period - Jonathan Blum is hit by Rourke Chartier and loses puck.
3:20 of 1st period - Max Friberg is hit by Ben Hanowski and loses puck.
4:53 of 1st period - Spencer Machacek is hit by Brandon Pirri and loses puck.
5:00 of 1st period - Snap shot by Brandon Pirri.
5:00 of 1st period - Shot Misses the Net.
5:02 of 1st period - Minor Penalty to Spencer Machacek for Holding.
5:03 of 1st period - Marko Dano wins face-off versus Phil Di Giuseppe in Demolitions zone.
5:12 of 1st period - Slapshot by Daultan Leveillé.
5:12 of 1st period - Deflect By Tye McGinn.
5:12 of 1st period - Stopped by Olivier Roy with a rebound.
5:16 of 1st period - Snap shot by Daultan Leveillé.
5:16 of 1st period - Shot Misses the Net.
5:18 of 1st period - Wrist shot by Phil Di Giuseppe.
5:18 of 1st period - Stopped by Olivier Roy with a rebound.
5:28 of 1st period - Daultan Leveillé is hit by Ben Hanowski and loses puck.
6:18 of 1st period - Simon Despres is hit by Robert Bortuzzo and loses puck.
6:58 of 1st period - Snap shot by Brandon Saad.
6:58 of 1st period - Shot Misses the Net.
7:02 of 1st period - Penalty to Spencer Machacek is over, Spencer Machacek is back on ice.
7:26 of 1st period - Lane MacDermid is hit by Haydn Fleury and loses puck.
8:04 of 1st period - Wrist shot by Nathan Gerbe.
8:04 of 1st period - Shot Misses the Net.
8:38 of 1st period - Slapshot by Lane MacDermid.
8:38 of 1st period - Shot Misses the Net.
8:40 of 1st period - Snap shot by Lane MacDermid.
8:40 of 1st period - Stopped by Olivier Roy without a rebound.
8:41 of 1st period - Marko Dano wins face-off versus Daultan Leveillé in Griffins zone.
9:11 of 1st period - Snap shot by Ben Hanowski.
9:11 of 1st period - Shot Blocked by Jake Muzzin.
9:13 of 1st period - Slapshot by Marcus Pettersson.
9:13 of 1st period - Shot Blocked by Nikita Tryamkin.
9:15 of 1st period - Slapshot by Marcus Pettersson.
9:15 of 1st period - Stopped by Brandon Halverson with a rebound.
9:17 of 1st period - Snap shot by Ben Hanowski.
9:17 of 1st period - Shot Misses the Net.
9:47 of 1st period - Gord Baldwin is hit by Robert Bortuzzo and loses puck.
11:06 of 1st period - Joshua Leivo is hit by Pavel Buchnevich and loses puck.
11:50 of 1st period - Marcus Pettersson is hit by Nikita Tryamkin and loses puck.
13:07 of 1st period - Brandon Pirri is hit by Phil McRae and loses puck.
13:18 of 1st period - Ryan Pulock is hit by Tye McGinn and loses puck.
13:43 of 1st period - Snap shot by Brendan Woods.
13:43 of 1st period - Deflect By Rourke Chartier.
13:43 of 1st period - Shot Blocked by Jonathan Blum.
13:43 of 1st period - Puck is out of play.
13:44 of 1st period - Rourke Chartier wins face-off versus Daultan Leveillé in Demolitions zone.
13:49 of 1st period - Snap shot by Nicholas Baptiste.
13:49 of 1st period - Deflect By Rourke Chartier.
13:49 of 1st period - Stopped by Brandon Halverson with a rebound.
13:51 of 1st period - Wrist shot by Gord Baldwin.
13:51 of 1st period - Stopped by Brandon Halverson with a rebound.
13:53 of 1st period - Slapshot by Petter Granberg.
13:53 of 1st period - Stopped by Brandon Halverson with a rebound.
13:55 of 1st period - Wrist shot by Petter Granberg.
13:55 of 1st period - Deflect By Rourke Chartier.
13:55 of 1st period - Shot Misses the Net.
13:55 of 1st period - Puck is out of play.
13:56 of 1st period - Marko Dano wins face-off versus Andrej Nestrasil in Demolitions zone.
13:57 of 1st period - Wrist shot by Tye McGinn.
13:57 of 1st period - Shot Blocked by Ryan Pulock.
14:38 of 1st period - Marcus Pettersson is hit by Daultan Leveillé and loses puck.
14:49 of 1st period - Wrist shot by Dylan Larkin.
14:49 of 1st period - Shot Misses the Net.
14:51 of 1st period - Slapshot by Marcus Pettersson.
14:51 of 1st period - Deflect By Jonathan Blum.
14:51 of 1st period - Stopped by Brandon Halverson without a rebound.
14:52 of 1st period - Marko Dano wins face-off versus Andrej Nestrasil in Demolitions zone.
15:26 of 1st period - J.T. Brown is hit by Brandon Pirri and loses puck.
16:01 of 1st period - Ryan Pulock is hit by Ben Hanowski and loses puck.
16:28 of 1st period - Jake Muzzin is hit by Tye McGinn.
17:42 of 1st period - Icing by Marko Dano.
17:43 of 1st period - Daultan Leveillé wins face-off versus Dylan Larkin in Griffins zone.
17:44 of 1st period - Backhand shot by Spencer Machacek.
17:44 of 1st period - Shot Misses the Net.
17:46 of 1st period - Snap shot by Nikita Tryamkin.
17:46 of 1st period - Shot Misses the Net.
17:48 of 1st period - Slapshot by Jake Muzzin.
17:48 of 1st period - Stopped by Olivier Roy with a rebound.
17:50 of 1st period - Wrist shot by Spencer Machacek.
17:50 of 1st period - Stopped by Olivier Roy with a rebound.
17:52 of 1st period - Slapshot by Jake Muzzin.
17:52 of 1st period - Stopped by Olivier Roy without a rebound.
17:53 of 1st period - Daultan Leveillé wins face-off versus Marko Dano in Griffins zone.
18:06 of 1st period - Wrist shot by Spencer Machacek.
18:06 of 1st period - Shot Blocked by Pavel Buchnevich.
18:06 of 1st period - Pavel Buchnevich from Griffins is injured at 18:06 of 1st period (Left Hip).
18:07 of 1st period - Marko Dano wins face-off versus Daultan Leveillé in Griffins zone.
18:18 of 1st period - Wrist shot by Spencer Machacek.
18:18 of 1st period - Stopped by Olivier Roy with a rebound.
18:55 of 1st period - Off-side.
18:56 of 1st period - Rourke Chartier wins face-off versus Christoph Bertschy in neutral zone.
19:05 of 1st period - Wrist shot by Brendan Woods.
19:05 of 1st period - Shot Misses the Net.
19:07 of 1st period - Wrist shot by Brendan Woods.
19:07 of 1st period - Deflect By Nicholas Baptiste.
19:07 of 1st period - Deflect By Taylor Beck.
19:07 of 1st period - Stopped by Brandon Halverson with a rebound.
19:11 of 1st period - Backhand shot by Rourke Chartier.
19:11 of 1st period - Shot Blocked by J.T. Brown.
19:30 of 1st period - Daultan Leveillé is hit by Tye McGinn and loses puck.
19:47 of 1st period - Wrist shot by Brandon Pirri.
19:47 of 1st period - Stopped by Brandon Halverson with a rebound.
19:49 of 1st period - Slapshot by Gord Baldwin.
19:49 of 1st period - Deflect By Nathan Gerbe.
19:49 of 1st period - Stopped by Brandon Halverson without a rebound.
19:50 of 1st period - Dylan Larkin wins face-off versus Daultan Leveillé in Demolitions zone.
Goals for this period are 0 for Demolitions vs 0 for Griffins.
Shots for this period are 7 for Demolitions vs 8 for Griffins.

2nd period


0:01 of 2nd period - Daultan Leveillé wins face-off versus Marko Dano in neutral zone.
0:48 of 2nd period - Spencer Machacek is hit by Phil Oreskovic.
1:16 of 2nd period - Backhand shot by Nathan Gerbe.
1:16 of 2nd period - Shot Misses the Net.
1:18 of 2nd period - Slapshot by Sonny Milano.
1:18 of 2nd period - Goal by Sonny Milano - Demolitions : 0 - Griffins : 1.
1:19 of 2nd period - Marko Dano wins face-off versus Andrej Nestrasil in neutral zone.
1:28 of 2nd period - Lane MacDermid is hit by Tye McGinn and loses puck.
1:33 of 2nd period - Wrist shot by Tye McGinn.
1:33 of 2nd period - Stopped by Brandon Halverson with a rebound.
1:35 of 2nd period - Slapshot by Dylan Larkin.
1:35 of 2nd period - Shot Blocked by Ryan Pulock.
1:49 of 2nd period - Wrist shot by Sonny Milano.
1:49 of 2nd period - Stopped by Brandon Halverson without a rebound.
1:50 of 2nd period - Phil McRae wins face-off versus Dylan Larkin in Demolitions zone.
1:50 of 2nd period - Phil McRae is hit by Petter Granberg.
2:06 of 2nd period - Snap shot by Phil McRae.
2:06 of 2nd period - Shot Misses the Net.
2:08 of 2nd period - Snap shot by Max Friberg.
2:08 of 2nd period - Shot Blocked by Gord Baldwin.
2:14 of 2nd period - Slapshot by Joshua Leivo.
2:14 of 2nd period - Shot Misses the Net.
2:22 of 2nd period - Wrist shot by Joshua Leivo.
2:22 of 2nd period - Shot Misses the Net.
2:24 of 2nd period - Wrist shot by Max Friberg.
2:24 of 2nd period - Stopped by Olivier Roy with a rebound.
2:26 of 2nd period - Wrist shot by Phil McRae.
2:26 of 2nd period - Stopped by Olivier Roy with a rebound.
2:28 of 2nd period - Snap shot by Max Friberg.
2:28 of 2nd period - Shot Blocked by Petter Granberg.
2:30 of 2nd period - Slapshot by Max Friberg.
2:30 of 2nd period - Shot Misses the Net.
2:32 of 2nd period - Slapshot by Jonathan Blum.
2:32 of 2nd period - Shot Blocked by Gord Baldwin.
2:34 of 2nd period - Snap shot by Joshua Leivo.
2:34 of 2nd period - Stopped by Olivier Roy with a rebound.
2:36 of 2nd period - Slapshot by Taylor Aronson.
2:36 of 2nd period - Shot Hit the Post.
2:38 of 2nd period - Snap shot by Max Friberg.
2:38 of 2nd period - Shot Misses the Net.
2:40 of 2nd period - Snap shot by Robert Bortuzzo.
2:40 of 2nd period - Deflect By Petter Granberg.
2:40 of 2nd period - Stopped by Olivier Roy with a rebound.
2:42 of 2nd period - Snap shot by Robert Bortuzzo.
2:42 of 2nd period - Deflect By Joshua Leivo.
2:42 of 2nd period - Stopped by Olivier Roy with a rebound.
2:44 of 2nd period - Backhand shot by Robert Bortuzzo.
2:44 of 2nd period - Stopped by Olivier Roy without a rebound.
2:45 of 2nd period - Marko Dano wins face-off versus Brandon Saad in Griffins zone.
2:47 of 2nd period - Minor Penalty to Sonny Milano for Tripping.
2:48 of 2nd period - Tye McGinn wins face-off versus Daultan Leveillé in Griffins zone.
2:56 of 2nd period - Wrist shot by Spencer Machacek.
2:56 of 2nd period - Stopped by Olivier Roy without a rebound.
2:57 of 2nd period - Daultan Leveillé wins face-off versus Tye McGinn in Griffins zone.
3:00 of 2nd period - Snap shot by Daultan Leveillé.
3:00 of 2nd period - Stopped by Olivier Roy with a rebound.
3:02 of 2nd period - Snap shot by Jonathan Blum.
3:02 of 2nd period - Shot Misses the Net.
3:06 of 2nd period - Wrist shot by Spencer Machacek.
3:06 of 2nd period - Shot Misses the Net.
3:08 of 2nd period - Slapshot by Ryan Pulock.
3:08 of 2nd period - Shot Blocked by Gord Baldwin.
3:10 of 2nd period - Slapshot by Ryan Pulock.
3:10 of 2nd period - Shot Blocked by Brendan Woods.
3:28 of 2nd period - Backhand shot by Spencer Machacek.
3:28 of 2nd period - Goal by Spencer Machacek - Demolitions : 1 - Griffins : 1.
3:29 of 2nd period - Marko Dano wins face-off versus Spencer Machacek in neutral zone.
3:40 of 2nd period - Wrist shot by Tye McGinn.
3:40 of 2nd period - Stopped by Brandon Halverson with a rebound.
3:42 of 2nd period - Snap shot by Dylan Larkin.
3:42 of 2nd period - Shot Misses the Net.
3:44 of 2nd period - Snap shot by Marcus Pettersson.
3:44 of 2nd period - Shot Blocked by Jonathan Blum.
4:04 of 2nd period - Icing by Jonathan Blum.
4:05 of 2nd period - Andrej Nestrasil wins face-off versus Marko Dano in Demolitions zone.
4:10 of 2nd period - Marko Dano is hit by Andrej Nestrasil and loses puck.
4:22 of 2nd period - Minor Penalty to Tye McGinn for Tripping.
4:23 of 2nd period - Brandon Pirri wins face-off versus Daultan Leveillé in Griffins zone.
4:58 of 2nd period - Off-side.
4:59 of 2nd period - Nathan Gerbe wins face-off versus Brandon Saad in neutral zone.
5:11 of 2nd period - Gord Baldwin is hit by Brandon Saad and loses puck.
6:21 of 2nd period - Icing by Taylor Beck.
6:22 of 2nd period - Penalty to Tye McGinn is over, Tye McGinn is back on ice.
6:22 of 2nd period - Marko Dano wins face-off versus Daultan Leveillé in Demolitions zone.
6:23 of 2nd period - Wrist shot by Tye McGinn.
6:23 of 2nd period - Shot Misses the Net.
6:29 of 2nd period - Snap shot by Marko Dano.
6:29 of 2nd period - Stopped by Brandon Halverson without a rebound.
6:30 of 2nd period - Marko Dano wins face-off versus Andrej Nestrasil in Demolitions zone.
6:33 of 2nd period - Snap shot by Dylan Larkin.
6:33 of 2nd period - Goal by Dylan Larkin - Demolitions : 1 - Griffins : 2.
6:34 of 2nd period - Marko Dano wins face-off versus Daultan Leveillé in neutral zone.
7:04 of 2nd period - Snap shot by Nathan Gerbe.
7:04 of 2nd period - Shot Misses the Net.
7:22 of 2nd period - Wrist shot by Nicholas Baptiste.
7:22 of 2nd period - Shot Misses the Net.
7:45 of 2nd period - Minor Penalty to Spencer Machacek for Elbowing.
7:46 of 2nd period - Phil Di Giuseppe wins face-off versus Marko Dano in Demolitions zone.
7:54 of 2nd period - Jake Muzzin is hit by Marko Dano.
8:00 of 2nd period - Wrist shot by Nathan Gerbe.
8:00 of 2nd period - Shot Misses the Net.
8:02 of 2nd period - Backhand shot by Tye McGinn.
8:02 of 2nd period - Stopped by Brandon Halverson with a rebound.
8:20 of 2nd period - Wrist shot by Dylan Larkin.
8:20 of 2nd period - Deflect By Jonathan Blum.
8:20 of 2nd period - Shot Misses the Net.
8:20 of 2nd period - Puck is out of play.
8:21 of 2nd period - Phil Di Giuseppe wins face-off versus Marko Dano in Demolitions zone.
8:30 of 2nd period - Robert Bortuzzo is hit by Tye McGinn and loses puck.
9:07 of 2nd period - Off-side.
9:08 of 2nd period - Marko Dano wins face-off versus Christoph Bertschy in neutral zone.
9:19 of 2nd period - Snap shot by Nathan Gerbe.
9:19 of 2nd period - Shot Blocked by Nikita Tryamkin.
9:33 of 2nd period - Snap shot by Ben Hanowski.
9:33 of 2nd period - Shot Misses the Net.
9:35 of 2nd period - Wrist shot by Dylan Larkin.
9:35 of 2nd period - Shot Misses the Net.
9:37 of 2nd period - Slapshot by Gord Baldwin.
9:37 of 2nd period - Stopped by Brandon Halverson with a rebound.
9:39 of 2nd period - Wrist shot by Anton Slepyshev.
9:39 of 2nd period - Stopped by Brandon Halverson without a rebound.
9:40 of 2nd period - Phil Di Giuseppe wins face-off versus Marko Dano in Demolitions zone.
9:45 of 2nd period - Penalty to Spencer Machacek is over, Spencer Machacek is back on ice.
9:48 of 2nd period - Icing by Marko Dano.
9:49 of 2nd period - Marko Dano wins face-off versus Daultan Leveillé in Griffins zone.
10:04 of 2nd period - Snap shot by Tye McGinn.
10:04 of 2nd period - Deflect By Nathan Gerbe.
10:04 of 2nd period - Stopped by Brandon Halverson with a rebound.
10:06 of 2nd period - Slapshot by Petter Granberg.
10:06 of 2nd period - Stopped by Brandon Halverson with a rebound.
10:08 of 2nd period - Slapshot by Simon Despres.
10:08 of 2nd period - Deflect By Tye McGinn.
10:08 of 2nd period - Goal by Tye McGinn - Demolitions : 1 - Griffins : 3.
10:09 of 2nd period - Marko Dano wins face-off versus Daultan Leveillé in neutral zone.
10:35 of 2nd period - Minor Penalty to Jonathan Blum for Slashing.
10:36 of 2nd period - Spencer Machacek wins face-off versus Marko Dano in Demolitions zone.
10:44 of 2nd period - Off-side.
10:45 of 2nd period - Spencer Machacek wins face-off versus Marko Dano in neutral zone.
11:26 of 2nd period - Slapshot by Tye McGinn.
11:26 of 2nd period - Goal by Tye McGinn - Demolitions : 1 - Griffins : 4.
11:27 of 2nd period - Daultan Leveillé wins face-off versus Dylan Larkin in neutral zone.
11:52 of 2nd period - Sonny Milano is hit by Lane MacDermid and loses puck.
12:17 of 2nd period - Wrist shot by J.T. Brown.
12:17 of 2nd period - Shot Blocked by Nicholas Baptiste.
12:21 of 2nd period - Snap shot by Christoph Bertschy.
12:21 of 2nd period - Shot Blocked by Simon Despres.
12:56 of 2nd period - Wrist shot by Spencer Machacek.
12:56 of 2nd period - Shot Misses the Net.
12:58 of 2nd period - Slapshot by Brandon Saad.
12:58 of 2nd period - Stopped by Olivier Roy without a rebound.
12:59 of 2nd period - Marko Dano wins face-off versus Daultan Leveillé in Griffins zone.
13:03 of 2nd period - Minor Penalty to Brandon Saad for Hooking.
13:04 of 2nd period - Spencer Machacek wins face-off versus Marko Dano in Demolitions zone.
13:16 of 2nd period - Snap shot by Marko Dano.
13:16 of 2nd period - Shot Blocked by Jonathan Blum.
13:18 of 2nd period - Snap shot by Marko Dano.
13:18 of 2nd period - Deflect By Tye McGinn.
13:18 of 2nd period - Shot Misses the Net.
13:18 of 2nd period - Puck is out of play.
13:19 of 2nd period - Daultan Leveillé wins face-off versus Marko Dano in Demolitions zone.
14:10 of 2nd period - Slapshot by Marcus Pettersson.
14:10 of 2nd period - Deflect By Dylan Larkin.
14:10 of 2nd period - Goal by Dylan Larkin - Demolitions : 1 - Griffins : 5.
14:10 of 2nd period - Alex Stalock enters game.
14:11 of 2nd period - Daultan Leveillé wins face-off versus Marko Dano in neutral zone.
14:24 of 2nd period - Slapshot by Brandon Saad.
14:24 of 2nd period - Stopped by Olivier Roy without a rebound.
14:25 of 2nd period - Dylan Larkin wins face-off versus Daultan Leveillé in Griffins zone.
15:13 of 2nd period - Snap shot by Jonathan Blum.
15:13 of 2nd period - Deflect By J.T. Brown.
15:13 of 2nd period - Shot Misses the Net.
15:13 of 2nd period - Puck is out of play.
15:14 of 2nd period - Rourke Chartier wins face-off versus Christoph Bertschy in Griffins zone.
15:14 of 2nd period - Rourke Chartier is hit by Taylor Beck.
15:24 of 2nd period - Wrist shot by Brendan Woods.
15:24 of 2nd period - Stopped by Alex Stalock without a rebound.
15:25 of 2nd period - Marko Dano wins face-off versus Daultan Leveillé in Demolitions zone.
15:50 of 2nd period - Sonny Milano is hit by Dennis Everberg.
16:10 of 2nd period - Snap shot by Dylan Larkin.
16:10 of 2nd period - Stopped by Alex Stalock without a rebound.
16:11 of 2nd period - Daultan Leveillé wins face-off versus Dylan Larkin in Demolitions zone.
16:11 of 2nd period - Daultan Leveillé is hit by Simon Despres.
16:14 of 2nd period - Minor Penalty to Jonathan Blum for Hooking.
16:15 of 2nd period - Marko Dano wins face-off versus Spencer Machacek in Demolitions zone.
16:41 of 2nd period - J.T. Brown is hit by Dylan Larkin and loses puck.
17:33 of 2nd period - Icing by Petter Granberg.
17:34 of 2nd period - Dylan Larkin wins face-off versus J.T. Brown in Griffins zone.
18:14 of 2nd period - Penalty to Jonathan Blum is over, Jonathan Blum is back on ice.
18:43 of 2nd period - Off-side.
18:44 of 2nd period - Marko Dano wins face-off versus Andrej Nestrasil in neutral zone.
19:12 of 2nd period - Slapshot by Phil Oreskovic.
19:12 of 2nd period - Shot Blocked by Max Friberg.
Goals for this period are 1 for Demolitions vs 5 for Griffins.
Shots for this period are 11 for Demolitions vs 16 for Griffins.

3rd period


0:01 of 3rd period - Daultan Leveillé wins face-off versus Marko Dano in neutral zone.
0:26 of 3rd period - Jonathan Blum is hit by Brandon Pirri and loses puck.
0:31 of 3rd period - Snap shot by Brandon Pirri.
0:31 of 3rd period - Shot Blocked by Ryan Pulock.
0:50 of 3rd period - Snap shot by Rourke Chartier.
0:50 of 3rd period - Shot Blocked by Taylor Beck.
1:04 of 3rd period - Snap shot by Dylan Larkin.
1:04 of 3rd period - Shot Blocked by Brandon Saad.
1:24 of 3rd period - Snap shot by Marko Dano.
1:24 of 3rd period - Stopped by Alex Stalock with a rebound.
1:36 of 3rd period - Dylan Larkin is hit by Andrej Nestrasil and loses puck.
2:04 of 3rd period - Jake Muzzin is hit by Simon Despres and loses puck.
2:29 of 3rd period - Wrist shot by Rourke Chartier.
2:29 of 3rd period - Stopped by Alex Stalock with a rebound.
2:45 of 3rd period - Slapshot by Phil McRae.
2:45 of 3rd period - Stopped by Olivier Roy with a rebound.
2:47 of 3rd period - Slapshot by Jake Muzzin.
2:47 of 3rd period - Deflect By Max Friberg.
2:47 of 3rd period - Stopped by Olivier Roy with a rebound.
2:49 of 3rd period - Snap shot by Max Friberg.
2:49 of 3rd period - Shot Blocked by Petter Granberg.
3:03 of 3rd period - Wrist shot by Lane MacDermid.
3:03 of 3rd period - Stopped by Olivier Roy without a rebound.
3:04 of 3rd period - Daultan Leveillé wins face-off versus Dylan Larkin in Griffins zone.
3:11 of 3rd period - Slapshot by Phil Oreskovic.
3:11 of 3rd period - Deflect By Jonathan Blum.
3:11 of 3rd period - Stopped by Alex Stalock with a rebound.
3:13 of 3rd period - Snap shot by Dylan Larkin.
3:13 of 3rd period - Deflect By Jonathan Blum.
3:13 of 3rd period - Stopped by Alex Stalock without a rebound.
3:14 of 3rd period - Marko Dano wins face-off versus Daultan Leveillé in Demolitions zone.
3:27 of 3rd period - Slapshot by Tye McGinn.
3:27 of 3rd period - Shot Misses the Net.
3:29 of 3rd period - Snap shot by Marko Dano.
3:29 of 3rd period - Goal by Marko Dano - Demolitions : 1 - Griffins : 6.
3:30 of 3rd period - Daultan Leveillé wins face-off versus Tye McGinn in neutral zone.
4:02 of 3rd period - Brendan Woods is hit by Lane MacDermid and loses puck.
4:55 of 3rd period - Wrist shot by Brendan Woods.
4:55 of 3rd period - Stopped by Alex Stalock without a rebound.
4:56 of 3rd period - Marko Dano wins face-off versus Daultan Leveillé in Demolitions zone.
6:00 of 3rd period - Wrist shot by Daultan Leveillé.
6:00 of 3rd period - Deflect By Brandon Saad.
6:00 of 3rd period - Stopped by Olivier Roy with a rebound.
6:12 of 3rd period - Tye McGinn is hit by J.T. Brown and loses puck.
6:59 of 3rd period - Dennis Everberg is hit by Dylan Larkin and loses puck.
7:16 of 3rd period - Wrist shot by Taylor Beck.
7:16 of 3rd period - Shot Misses the Net.
8:14 of 3rd period - Slapshot by Spencer Machacek.
8:14 of 3rd period - Deflect By Daultan Leveillé.
8:14 of 3rd period - Shot Misses the Net.
8:14 of 3rd period - Puck is out of play.
8:15 of 3rd period - Tye McGinn wins face-off versus Daultan Leveillé in Griffins zone.
8:34 of 3rd period - Mirco Mueller is hit by Dennis Everberg and loses puck.
9:25 of 3rd period - Off-side.
9:26 of 3rd period - Daultan Leveillé wins face-off versus Nathan Gerbe in neutral zone.
10:27 of 3rd period - Rourke Chartier is hit by J.T. Brown and loses puck.
10:42 of 3rd period - Snap shot by Nathan Gerbe.
10:42 of 3rd period - Stopped by Alex Stalock without a rebound.
10:43 of 3rd period - Nathan Gerbe wins face-off versus Daultan Leveillé in Demolitions zone.
10:46 of 3rd period - Slapshot by Nathan Gerbe.
10:46 of 3rd period - Stopped by Alex Stalock without a rebound.
10:47 of 3rd period - Nathan Gerbe wins face-off versus Daultan Leveillé in Demolitions zone.
10:52 of 3rd period - Snap shot by Brandon Pirri.
10:52 of 3rd period - Deflect By Daultan Leveillé.
10:52 of 3rd period - Stopped by Alex Stalock without a rebound.
10:53 of 3rd period - Marko Dano wins face-off versus Daultan Leveillé in Demolitions zone.
10:54 of 3rd period - Slapshot by Dylan Larkin.
10:54 of 3rd period - Shot Blocked by Nikita Tryamkin.
11:02 of 3rd period - Wrist shot by Daultan Leveillé.
11:02 of 3rd period - Shot Misses the Net.
11:27 of 3rd period - Wrist shot by Rourke Chartier.
11:27 of 3rd period - Stopped by Alex Stalock without a rebound.
11:28 of 3rd period - Andrej Nestrasil wins face-off versus Ben Hanowski in Demolitions zone.
11:28 of 3rd period - Andrej Nestrasil is hit by Anton Slepyshev.
11:40 of 3rd period - Wrist shot by Andrej Nestrasil.
11:40 of 3rd period - Stopped by Olivier Roy without a rebound.
11:41 of 3rd period - Marko Dano wins face-off versus Andrej Nestrasil in Griffins zone.
11:41 of 3rd period - Marko Dano is hit by Dennis Everberg.
11:54 of 3rd period - Wrist shot by Marko Dano.
11:54 of 3rd period - Stopped by Alex Stalock without a rebound.
11:55 of 3rd period - Daultan Leveillé wins face-off versus Dylan Larkin in Demolitions zone.
12:29 of 3rd period - Snap shot by Lane MacDermid.
12:29 of 3rd period - Stopped by Olivier Roy without a rebound.
12:30 of 3rd period - Daultan Leveillé wins face-off versus Dylan Larkin in Griffins zone.
12:53 of 3rd period - Icing by Petter Granberg.
12:54 of 3rd period - Andrej Nestrasil wins face-off versus Dylan Larkin in Griffins zone.
13:19 of 3rd period - Snap shot by Anton Slepyshev.
13:19 of 3rd period - Shot Misses the Net.
13:33 of 3rd period - Minor Penalty to Anton Slepyshev for Hooking.
13:34 of 3rd period - Spencer Machacek wins face-off versus Tye McGinn in Griffins zone.
13:47 of 3rd period - Slapshot by Daultan Leveillé.
13:47 of 3rd period - Shot Blocked by Gord Baldwin.
13:49 of 3rd period - Slapshot by Brandon Saad.
13:49 of 3rd period - Goal by Brandon Saad - Demolitions : 2 - Griffins : 6.
13:50 of 3rd period - Marko Dano wins face-off versus Daultan Leveillé in neutral zone.
13:57 of 3rd period - Slapshot by Tye McGinn.
13:57 of 3rd period - Stopped by Alex Stalock with a rebound.
14:35 of 3rd period - Slapshot by Marcus Pettersson.
14:35 of 3rd period - Shot Blocked by Jake Muzzin.
14:59 of 3rd period - Daultan Leveillé is hit by Marcus Pettersson and loses puck.
16:05 of 3rd period - Lane MacDermid is hit by Nathan Gerbe.
16:33 of 3rd period - Wrist shot by Max Friberg.
16:33 of 3rd period - Shot Misses the Net.
17:05 of 3rd period - Jake Muzzin is hit by Ben Hanowski and loses puck.
17:40 of 3rd period - Wrist shot by Phil McRae.
17:40 of 3rd period - Shot Blocked by Petter Granberg.
18:43 of 3rd period - Wrist shot by Spencer Machacek.
18:43 of 3rd period - Shot Blocked by Marcus Pettersson.
19:03 of 3rd period - Slapshot by Jonathan Blum.
19:03 of 3rd period - Shot Blocked by Simon Despres.
19:05 of 3rd period - Slapshot by Tommy Vannelli.
19:05 of 3rd period - Shot Blocked by Brendan Woods.
19:27 of 3rd period - Icing by Max Friberg.
19:28 of 3rd period - Phil McRae wins face-off versus Nathan Gerbe in Demolitions zone.
19:37 of 3rd period - Slapshot by Brandon Pirri.
19:37 of 3rd period - Stopped by Alex Stalock without a rebound.
19:38 of 3rd period - Nathan Gerbe wins face-off versus Daultan Leveillé in Demolitions zone.
19:41 of 3rd period - Slapshot by Nathan Gerbe.
19:41 of 3rd period - Shot Misses the Net.
19:54 of 3rd period - Icing by Nikita Tryamkin.
19:55 of 3rd period - Marko Dano wins face-off versus Daultan Leveillé in Demolitions zone.
Goals for this period are 1 for Demolitions vs 1 for Griffins.
Shots for this period are 7 for Demolitions vs 13 for Griffins.